 Dungeon Crawl Stone Soup version 0.26-a0-639-g72c4674329 (webtiles) character file.

Game seed: 10374737176486045990

17095 DogServant the Thaumaturge (level 12, -2/71 HPs)
             Began as a Deep Elf Air Elementalist on Sept 15, 2020.
             Was a Believer of Vehumet.
             Killed from afar by an ice dragon (11 damage)
             ... with a blast of cold
             ... on level 11 of the Dungeon on Sept 16, 2020.
             The game lasted 00:48:01 (22050 turns).

DogServant the Thaumaturge (DEAE)                  Turns: 22050, Time: 00:48:01

Health: -2/71      AC:  8    Str:  5    XL:     12   Next: 15%
Magic:  6/31       EV: 15    Int: 26    God:    Vehumet [**....]
Gold:   1408       SH:  0    Dex: 15    Spells: 13/37 levels left

rFire    . . .     SeeInvis +   A - +5 whip "Wugett" {vorpal, +Blink rPois rF+ SInv}
rCold    + . .     Faith    .   (no shield)
rNeg     . . .     Spirit   .   z - +0 steam dragon scales
rPois    +         Reflect  .   f - +1 helmet
rElec    .         Harm     .   (no cloak)
rCorr    +         Rampage  .   (no gloves)
MR       +....                  G - +0 pair of boots
Stlth    ++........             (no amulet)
HPRegen  0.21/turn              n - ring of ice
MPRegen  0.22/turn              e - ring of resist corrosion

@: swift (expiring), very quick
A: no striking features
a: Renounce Religion, Evoke Blink


You were on level 11 of the Dungeon.
You worshipped Vehumet.
Vehumet was pleased with you.
You visited 2 branches of the dungeon, and saw 12 of its levels.
You also visited: Trove.

You collected 1408 gold pieces.

Inventory:

Hand Weapons
 A - the +5 whip "Wugett" (weapon) {vorpal, +Blink rPois rF+ SInv}
   (You found it on level 9 of the Dungeon)

   It inflicts extra damage upon your enemies.
   It protects you from fire.
   It protects you from poison.
   It lets you see invisible.
   It lets you blink.
Armour
 a - a +0 robe
 f - a +1 helmet (worn)
 u - a cursed +0 buckler
 z - +0 steam dragon scales (worn)
 G - a +0 pair of boots (worn)
 H - a +2 leather armour of fire resistance
 I - a +2 leather armour of cold resistance
Magical Staves
 w - an uncursed staff of poison
Jewellery
 e - a ring of resist corrosion (right hand)
 n - a ring of ice (left hand)
 C - the amulet of the Monkey {Acrobat rElec Int+4, unknown}
   (You found it in a treasure trove)

   [amulet of the acrobat]

   It helps you evade while moving and waiting.
   It affects your intelligence (+4).
   It insulates you from electricity.
 D - an uncursed ring of magical power {unknown}
 E - an uncursed amulet of regeneration {unknown}
 F - the amulet of Viecs {Spirit MP+9 Dex+4, unknown}
   (You found it in a treasure trove)

   [amulet of guardian spirit]

   It causes incoming damage to be split between your health and magic.
   It affects your dexterity (+4).
   It affects your magic capacity (+9).
Wands
 d - a wand of paralysis (7)
 j - a wand of iceblast (20)
 k - a wand of enslavement (14)
 m - a wand of polymorph (6)
 s - a wand of flame (36)
 t - a wand of digging (9)
Scrolls
 c - 3 scrolls of enchant weapon
 h - a scroll of amnesia
 v - 2 scrolls of identify
 y - a scroll of remove curse
 B - 2 scrolls of teleportation
 J - a scroll of fear
Potions
 b - 5 potions of curing
 g - 3 potions of lignification
 i - 3 potions of brilliance
 l - 5 potions of haste
 o - a potion of mutation {unknown}
 p - a potion of stabbing
 q - 2 potions of cancellation
 r - 3 potions of might
 x - a potion of flight


   Skills:
 + Level 6.6 Fighting
 - Level 5.0 Dodging
 - Level 2.4 Stealth
 + Level 13.1 Spellcasting
 + Level 11.1 Conjurations
 + Level 4.8 Hexes
 + Level 10.6 Air Magic
 + Level 0.6 Evocations


You had 13 spell levels left.
You knew the following spells:

 Your Spells              Type           Power        Failure   Level
a - Shock                 Conj/Air       ####         1%          1
b - Swiftness             Air            ######..     1%          2
c - Static Discharge      Conj/Air       ######..     1%          3
d - Airstrike             Air            ######....   1%          4
e - Lightning Bolt        Conj/Air       ######....   1%          5
f - Searing Ray           Conj           ######       1%          2
g - Dazzling Flash        Conj/Hex       ######       1%          3
h - Fulminant Prism       Conj/Hex       ######....   1%          4

Your spell library contained the following spells:

 Spells                   Type           Power        Failure   Level
 Inner Flame              Hex/Fire       ####....     3%          3
 Magic Dart               Conj           ####         1%          1
 Poisonous Vapours        Pois/Air       #####.       1%          2
 Slow                     Hex            #####...     1%          2
 Conjure Flame            Conj/Fire      #####...     1%          3
 Mephitic Cloud           Conj/Pois/Air  ######..     1%          3
 Sting                    Tmut/Pois      ###.         3%          1
 Iskenderun's Mystic Bla  Conj/Tloc      #####...     3%          4
 Blink                    Tloc           N/A          4%          2
 Call Imp                 Summ           ###.....     4%          2
 Ignite Poison            Fire/Tmut/Pois ###.....     10%         3
 Olgreb's Toxic Radiance  Pois           ###.....     32%         4


Dungeon Overview and Level Annotations

Branches:
Dungeon (11/15)            Temple (1/1) D:5            Lair (0/6) D:10
    Orc (0/2) D:10

Altars:
Cheibriados
Elyvilon
Fedhas
Gozag
Hepliaklqana
Kikubaaqudgha
Nemelex Xobeh
Okawaru
Ru
Vehumet
Wu Jian
Yredelemnul
Zin

Shops:
D:4 *


Message History

Casting: Searing Ray (safe; 1% risk of failure)
Confirm with . or Enter, or press ? or * to list all spells.
Aiming: Searing Ray (safe; 1% risk of failure)
Press: ? - help, Shift-Dir - straight line, f/p - ice dragon
Aim: an ice dragon (moderately wounded)
The searing ray hits the ice dragon.
The ice dragon is moderately wounded. (Press . to maintain the ray.)
The ice dragon bites you!
* * * LOW HITPOINT WARNING * * *
The ice dragon claws you!
* * * LOW HITPOINT WARNING * * *
The ice dragon misses you.
Okay, then.
Okay, then.
You blink.
You start to feel a little slower.
The ice dragon breathes frost at you. The blast of cold hits you! You resist.
You die...

.......)<[...^....#
###########.......#
#..)....# #.......#
#.......#
#####..(....#
####.....D§....#
.###D##.##........#
.*D.#*#.##.####.@.#
#.####..##[# #...#
# #####.# #...#
#.####...#
#........#
#........#
#........#
#...[....#
#....(...#


You could see an ice dragon (catching breath).

Vanquished Creatures
  Erolcha (D:10)
  Harold (D:8)
  Erica (D:8)
  3 death yaks
  A two-headed ogre (D:11)
  Urug (D:11)
  2 unseen horrors
  A wizard (D:9)
  Maurice (D:9)
  A kobold demonologist (D:11)
  Maggie (D:10)
  A troll (D:9)
  2 polar bears (D:11)
  Prince Ribbit (D:6)
  Grinder (D:6)
  A hippogriff (D:10)
  A meliai zombie (D:11)
  2 shadows
  2 wyverns (D:10)
  7 yaks
  A water moccasin (D:11)
  A soldier ant (D:10)
  2 sky beasts
  6 orc warriors
  4 ice beasts
  A black bear (D:11)
  3 phantoms
  5 ogres
  2 wolves (D:11)
  9 centaurs
  3 big kobolds
  7 bullfrogs
  A water moccasin zombie (D:8)
  4 scorpions
  9 wights (D:7)
  21 killer bees
  A bullfrog zombie (D:4)
  A crimson imp (D:9)
  A centaur zombie (D:6)
  6 hounds
  3 jellies
  2 quasits (D:8)
  4 orc priests
  4 orc wizards
  3 iguanas
  8 worker ants
  2 hound skeletons (D:8)
  3 worker ant zombies
  8 gnolls
  11 adders
  3 shadow imps
  3 white imps
  4 ufetubi
  5 adder zombies
  An adder skeleton (D:3)
  6 worms
  2 dart slugs
  3 leopard geckos
  35 orcs
  A bat zombie (D:8)
  6 giant cockroaches
  3 goblins
  5 hobgoblins
  9 jackals
  7 quokkas
  6 ball pythons (D:2)
  5 bats
  3 frilled lizards
  A jackal skeleton (D:3)
  A jackal zombie (D:3)
  20 kobolds
  A leopard gecko skeleton (D:5)
  2 quokka zombies
  3 rats (D:3)
  3 rat zombies (D:8)
  3 fulminant prisms (D:11)
309 creatures vanquished.

Vanquished Creatures (others)
  9 fulminant prisms (D:11)
  6 withered plants (D:3)
15 creatures vanquished.

Grand Total: 324 creatures vanquished

Notes
Turn   | Place    | Note
-------+----------+-------------------------------------------
     0 | D:1      | DogServant the Deep Elf Air Elementalist began the quest
                  | for the Orb.
     0 | D:1      | Reached XP level 1. HP: 10/10 MP: 6/6
   210 | D:1      | Reached XP level 2. HP: 4/15 MP: 0/8
  1338 | D:2      | Reached skill level 4 in Spellcasting
  1338 | D:2      | Reached XP level 3. HP: 5/19 MP: 0/10
  1886 | D:2      | Reached XP level 4. HP: 21/24 MP: 4/12
  2852 | D:2      | Found a hazy altar of Hepliaklqana.
  3145 | D:3      | Learned a level 2 spell: Swiftness
  3149 | D:3      | Learned a level 3 spell: Static Discharge
  3182 | D:3      | Reached XP level 5. HP: 28/28 MP: 5/14
  3599 | D:3      | Reached skill level 5 in Spellcasting
  4236 | D:4      | Reached skill level 1 in Fighting
  4483 | D:4      | Reached XP level 6. HP: 34/34 MP: 11/15
  4751 | D:4      | Learned a level 4 spell: Airstrike
  5059 | D:4      | Reached skill level 6 in Spellcasting
  5059 | D:4      | Reached skill level 5 in Air Magic
  5078 | D:4      | Reached XP level 7. HP: 38/38 MP: 6/18
  5525 | D:4      | Found Gebah's General Store.
  5666 | D:5      | Entered Level 5 of the Dungeon
  6262 | D:4      | Reached skill level 5 in Conjurations
  6543 | D:5      | Reached skill level 7 in Spellcasting
  6594 | D:5      | Found a staircase to the Ecumenical Temple.
  6626 | Temple   | Entered the Ecumenical Temple
  6693 | Temple   | Became a worshipper of Vehumet
  7311 | D:6      | Reached XP level 8. HP: 32/43 MP: 11/21
  7320 | D:6      | Learned a level 5 spell: Lightning Bolt
  7644 | D:6      | Reached skill level 8 in Spellcasting
  7708 | D:6      | Noticed Prince Ribbit
  7718 | D:6      | Killed Prince Ribbit
  8263 | D:6      | Noticed Grinder
  8268 | D:6      | Killed Grinder
  8268 | D:6      | Reached skill level 9 in Spellcasting
  8956 | D:6      | Reached XP level 9. HP: 47/47 MP: 11/24
  9610 | D:5      | Reached * piety under Vehumet
  9610 | D:5      | Offered knowledge of Freeze by Vehumet.
  9784 | D:5      | Found a sacrificial altar of Ru.
 10557 | D:7      | Reached skill level 10 in Spellcasting
 12325 | D:8      | Offered knowledge of Sandblast by Vehumet.
 12876 | D:8      | Noticed Erica
 12879 | D:8      | Reached ** piety under Vehumet
 12947 | D:8      | Killed Erica
 12947 | D:8      | Reached XP level 10. HP: 26/56 MP: 0/26
 13253 | D:8      | Found an ancient bone altar of Kikubaaqudgha.
 13387 | D:8      | Noticed Harold
 13387 | D:8      | Paralysed by Harold for 5 turns
 13394 | D:8      | Paralysed by Harold for 6 turns
 13419 | D:8      | Killed Harold
 13419 | D:8      | Reached skill level 11 in Spellcasting
 14526 | D:9      | Noticed Maurice
 14531 | D:9      | Killed Maurice
 15077 | D:9      | Found a radiant altar of Vehumet.
 15099 | D:9      | Learned a level 2 spell: Searing Ray
 15425 | D:9      | Got an encrusted whip
 15426 | D:9      | Identified the +5 whip "Wugett" {vorpal, +Blink rPois rF+
                  | SInv} (You found it on level 9 of the Dungeon)
 15782 | D:9      | Noticed a wizard
 15783 | D:9      | Reached skill level 5 in Fighting
 15786 | D:9      | Killed a wizard
 15905 | D:9      | Found an opulent altar of Gozag.
 15909 | D:9      | Found a sparkling altar of Nemelex Xobeh.
 15959 | D:9      | Learned a level 3 spell: Dazzling Flash
 16126 | D:10     | Entered Level 10 of the Dungeon
 16144 | D:10     | Found a staircase to the Lair.
 16144 | D:10     | Noticed a death yak
 16147 | D:10     | Noticed a death yak
 16148 | D:10     | Noticed a death yak
 16155 | D:10     | Offered knowledge of Inner Flame by Vehumet.
 16159 | D:10     | Killed a death yak
 16159 | D:10     | Reached skill level 10 in Conjurations
 16159 | D:10     | Reached XP level 11. HP: 24/64 MP: 5/28
 16822 | D:9      | Killed a death yak
 16822 | D:9      | Reached skill level 12 in Spellcasting
 16991 | D:9      | Killed a death yak
 18133 | D:10     | Reached *** piety under Vehumet
 18251 | D:10     | Noticed Maggie
 18263 | D:10     | Killed Maggie
 18526 | D:10     | Found a portal to a secret trove of treasure.
 18547 | Trove    | Entered a treasure trove
 18565 | Trove    | Got a coiled ivory amulet
 18573 | Trove    | Got a pitted ruby amulet
 18584 | Trove    | Got an opal-encrusted crystal plate armour
 18605 | D:10     | Learned a level 4 spell: Fulminant Prism
 18678 | D:10     | Reached skill level 5 in Dodging
 18678 | D:10     | Reached skill level 10 in Air Magic
 19028 | D:10     | Found an opulent altar of Gozag.
 19043 | D:10     | Reached skill level 1 in Hexes
 19168 | D:10     | Noticed an unseen horror
 19172 | D:10     | Killed an unseen horror
 19387 | D:10     | Found a staircase to the Orcish Mines.
 19637 | D:10     | Noticed Erolcha
 19643 | D:10     | Killed Erolcha
 20126 | D:11     | Found a frozen archway.
 20132 | D:11     | Noticed an ice dragon
 21144 | D:11     | Noticed a two-headed ogre
 21150 | D:11     | Killed a two-headed ogre
 21150 | D:11     | Reached skill level 13 in Spellcasting
 21158 | D:11     | Reached XP level 12. HP: 71/71 MP: 1/31
 21563 | D:11     | Noticed Urug
 21569 | D:11     | Killed Urug
 22050 | D:11     | Killed from afar by an ice dragon

Illustrated notes

Levels and vault maps discovered:
D:1:      scummos_arrival_star, layout_basic
D:2:      layout_loops_ring, marbit_many_paths, minmay_snake_closets
D:3:      layout_rooms, serial_undead, serial_undead_b, serial_undead_d,
          serial_undead_f, serial_undead_b, serial_undead_c, serial_undead_a,
          serial_undead_c, serial_undead_c, serial_undead_f, serial_undead_c
D:4:      layout_cave_pools, nicolae_overflow_hidden_temple, serial_shops,
          kennysheep_little_box
D:5:      layout_cave_pools, minmay_temple_entry_statues_pillars,
          nicolae_ru_the_path_less_chosen
D:6:      layout_basic, uniq_prince_ribbit1, uniq_grinder
D:7:      layout_rooms
D:8:      layout_loops_corners, lemuel_zombie_altar_kikubaaqudgha,
          minmay_checkerbox, uniq_harold, uniq_erica
D:9:      layout_cross, grunt_temple_overflow_opulence, basic_altar,
          small_chamber_with_monster, lightli_wizard_tower, uniq_maurice
D:10:     layout_loops_ring, dpeg_lair_monsters, david_orc_2, enter_trove_0,
          nicolae_gozag_cash_rules_everything_around_me, uniq_maggie,
          uniq_erolcha
D:11:     layout_small_grid, portal_ice_cave_entry_animals_and_master,
          tso_altar, uniq_urug, uniq_gastronok
Temple:   hc_temple_tempest_star

Skill      XL: |  1  2  3  4  5  6  7  8  9 10 11 |
---------------+----------------------------------+-----
Spellcasting   | 4 5 6 7 9 10 11 13 | 13.1
Conjurations   | 2 3 4 5 7 8 10 11 | 11.1
Air Magic      | 4 5 6 7 8 9 10 | 10.6
Fighting       | 1 4 5 6 |  6.6
Dodging        | 3 5 |  5.0
Hexes          | 4 |  4.8
Stealth        | |  2.4
Evocations     | |  0.6

Action                   |  1- 3 |  4- 6 |  7- 9 | 10-12 || total
-------------------------+-------+-------+-------+-------++-------
Melee: Dagger            |       |    10 |     5 |       ||    15
       Staff             |       |       |       |    26 ||    26
       Whip              |       |       |       |    17 ||    17
 Cast: Shock             |    57 |   183 |    95 |    47 ||   382
       Swiftness         |       |     1 |     2 |    10 ||    13
       Static Discharge  |       |     1 |     7 |       ||     8
       Airstrike         |       |       |   126 |   190 ||   316
       Searing Ray       |       |       |       |    19 ||    19
       Fulminant Prism   |       |       |       |    12 ||    12
 Abil: Evoke Blink       |       |       |       |     1 ||     1
  Use: Scroll            |     3 |     3 |    12 |    13 ||    31
       Potion            |       |       |     3 |     3 ||     6
 Stab: Sleeping          |       |     1 |       |       ||     1
Armor: Robe              |     1 |    10 |     8 |     6 ||    25
       Skin              |       |       |       |    32 ||    32
       Steam dragon scal |       |       |       |    21 ||    21
Dodge: Dodged            |     8 |    57 |    45 |   110 ||   220

Table legend: (Time is in decaauts)
 A = Elapsed time spent in this place.
 B = Non-inter-level travel time spent in this place.
 C = Inter-level travel time spent in this place.
 D = Time resting spent in this place.
 E = Time spent auto-exploring this place.
 F = Levels seen in this place.
 G = Mean time per level.
                   A        B        C        D        E       F      G
               +--------+--------+--------+--------+--------+-----+--------+
         Total |  22066 |  21316 |    750 |  10314 |   8891 |  13 | 1697.4 |
       Dungeon |  21934 |  21210 |    724 |  10314 |   8811 |  11 | 1994.0 |
        Temple |     79 |     53 |     26 |      0 |     52 |   1 |   79.0 |
         Trove |     51 |     51 |      0 |      0 |     28 |   1 |   51.0 |
               +--------+--------+--------+--------+--------+-----+--------+

Top non-repeatable levels by time:
     D:8: 3773 daAuts
     D:9: 2750 daAuts
    D:10: 2668 daAuts
     D:6: 2496 daAuts
     D:2: 2093 daAuts
     D:4: 1580 daAuts
     D:3: 1555 daAuts
    D:11: 1508 daAuts
     D:7: 1464 daAuts
     D:5: 1030 daAuts
     D:1: 1014 daAuts
  Temple: 79 daAuts
   Trove: 51 daAuts
